 Dungeon Crawl Stone Soup version 0.29.0-10-g45618ea6d2 (webtiles) character file.

Game seed: 8590832993424135009

198 SensoryNuts the Chopper (level 5, -3/41 HPs)
             Began as a Demonspawn Fighter on Sept 2, 2022.
             Slain by Grinder (6 damage)
             ... on level 3 of the Dungeon.
             The game lasted 00:02:30 (3197 turns).

SensoryNuts the Chopper (Demonspawn Fighter)        Turns: 3197, Time: 00:02:30

Health: -3/41      AC:  6    Str: 18    XL:     5   Next: 47%
Magic:  5/5        EV:  9    Int: 10    God:
Gold:   187        SH:  5    Dex: 12    Spells: 4/4 levels left

rFire   . . .      SeeInvis .   a - +0 war axe
rCold   . . .      Faith    .   c - +1 buckler
rNeg    . . .      Spirit   .   b - +0 scale mail
rPois   .          Reflect  .   (helmet restricted)
rElec   .          Harm     .   (no cloak)
rCorr   .          Rampage  .   (no gloves)
Will    .....                   (no boots)
Stlth   ..........              i - amulet of regeneration
HPRegen 0.93/turn               (no ring)
MPRegen 0.09/turn               (no ring)

@: mighty
A: horns 1, ignite blood 1
a: no special abilities


You were on level 3 of the Dungeon.
You visited 1 branch of the dungeon, and saw 4 of its levels.

You collected 187 gold pieces.

Inventory:

Hand Weapons
 a - a +0 war axe (weapon)
Armour
 b - a +0 scale mail (worn)
 c - a +1 buckler (worn)
Jewellery
 i - an amulet of regeneration (around neck)
 n - an amulet of the acrobat
Scrolls
 h - 2 scrolls of teleportation
Potions
 f - a potion of haste
 g - 3 potions of heal wounds {unknown}
 j - a potion of curing
 l - a potion of degeneration {unknown}


   Skills:
 + Level 3.3 Fighting
 * Level 4.4 Axes
 + Level 3.1 Armour
 + Level 0.5 Dodging
 + Level 3.1 Shields


You had 4 spell levels left.
You didn't know any spells.
Your spell library contained the following spells:

 Spells                   Type           Power      Damage    Failure   Level
 Shock                    Conj/Air       0%         1d3       83%         1
 Poisonous Vapours        Pois/Air       0%         N/A       93%         2
 Wereblood                Tmut           0%         N/A       93%         2
 Spider Form              Tmut/Pois      0%         N/A       99%         3
 Swiftness                Air            0%         N/A       99%         3
 Airstrike                Air            0%         2d(0-16)  100%        4
 Corpse Rot               Necr/Pois/Air  0%         N/A       100%        4
 Eringya's Noxious Bog    Tmut/Pois      0%         N/A       100%        6
 Necromutation            Tmut/Necr      0%         N/A       100%        8


Dungeon Overview and Level Annotations

Branches:
Dungeon (4/15)
 Temple: D:4-7

Altars:

Shops:
D:1 =   D:3 *

Annotations:
D:3 Grinder


Innate Abilities, Weirdness & Mutations

You have a pair of small horns on your head.
Your demonic aura sometimes causes spilled blood to erupt in flames.


Message History

You are too injured to fight recklessly!
You are too injured to fight recklessly!
You are too injured to fight recklessly!
You are too injured to fight recklessly!
You are too injured to fight recklessly!
You are too injured to fight recklessly!
You are too injured to fight recklessly!
You are too injured to fight recklessly!
You are too injured to fight recklessly!
You are too injured to fight recklessly!
You are too injured to fight recklessly!
You are too injured to fight recklessly!
You are too injured to fight recklessly!
You are too injured to fight recklessly!
Unknown command.
Okay, then.
The orc shouts!
The orc wizard points at you and mumbles some strange words.
The puff of flame hits you.
* * * LOW HITPOINT WARNING * * *
Grinder hits you.
* * * LOW HITPOINT WARNING * * *
You writhe in agony.
* * * LOW HITPOINT WARNING * * *
The quokka barely misses you.
You climb upwards.
There is a stone staircase leading down here.
You feel very mighty all of a sudden.
The quokka bites you but does no damage.
Grinder barely misses you.
You barely miss Grinder.
Grinder is severely wounded.
You closely miss the quokka. The quokka bites you.
* * * LOW HITPOINT WARNING * * *
You block Grinder's attack. The quokka bites you.
* * * LOW HITPOINT WARNING * * *
Grinder hits you.
* * * LOW HITPOINT WARNING * * *
You writhe in agony.
You die...

#.# #..#
######.#### ###..#
..........# #.)..#
######.##.# #.#..#
#.##.# #....#
#.##.# ##.#.#
####.##.# #.#.#
#.......# ##.#.#
#.##.#######..@r#
###.##.........#.5#
.##.##########...##
.##.# ##.## .##.#
#.# .##.# #.# .##.#
#.# .##.# #.# ....#
#.#


You could see Grinder and a quokka.

Vanquished Creatures
  10 gnolls
  An adder (D:2)
  A worm (D:3)
  3 dart slugs
  4 orcs (D:3)
  8 bats
  3 endoplasms
  6 giant cockroaches
  9 goblins
  12 hobgoblins
  5 quokkas
  A ball python (D:3)
  4 frilled lizards
  5 kobolds
  5 rats
77 creatures vanquished.

Notes
Turn   | Place    | Note
-------+----------+-------------------------------------------
     0 | D:1      | SensoryNuts the Demonspawn Fighter began the quest for the
                  | Orb.
     0 | D:1      | Reached XP level 1. HP: 18/18 MP: 1/1
    53 | D:1      | Found Uxuhot's Jewellery Shoppe.
   425 | D:1      | Reached skill level 2 in Axes
   425 | D:1      | Gained mutation: Your demonic aura sometimes causes spilled
                  | blood to erupt in flames. [demonic ancestry]
   425 | D:1      | Reached XP level 2. HP: 13/24 MP: 2/2
  1481 | D:2      | Gained mutation: You have a pair of small horns on your
                  | head. [demonic ancestry]
  1481 | D:2      | Reached XP level 3. HP: 29/29 MP: 3/3
  1566 | D:2      | Reached skill level 3 in Axes
  1575 | D:2      | Reached XP level 4. HP: 7/35 MP: 4/4
  2508 | D:3      | Reached skill level 4 in Axes
  2508 | D:3      | Reached XP level 5. HP: 24/41 MP: 5/5
  2617 | D:3      | Found a faded altar of an unknown god.
  2669 | D:3      | Got the Lectures on Mutagenic Putrescence
  2824 | D:3      | Found Vuoho's Assorted Antiques.
  3187 | D:4      | Noticed Grinder
  3197 | D:3      | Slain by Grinder

Illustrated notes

Levels and vault maps discovered:
D:1:      psy_arrival_radial01, layout_loops_ring, serial_shops,
          nicolae_shop_crystal, serial_forest, infiniplex_forest_clump_tiny,
          infiniplex_forest_lined_corner, infiniplex_forest_lined_room_3,
          infiniplex_forest_straight_3, infiniplex_forest_fountain,
          infiniplex_forest_corner_1
D:2:      cheibrodos_greedy_goblins, layout_rooms
D:3:      layout_loops_ring, dreamdust_ecumenical_altar_sealed_demon,
          serial_shops, nicolae_shop_overgrown_old_shop
D:4:      layout_basic, nicolae_uskayaw_dance_hall,
          hangedman_abyss_or_decor_lesser_grid, uniq_grinder

Skill      XL: |  1  2  3  4 |
---------------+-------------+-----
Axes           | 2 3 4 |  4.4
Shields        | 3 |  3.1
Armour         | 3 |  3.1
Fighting       | |  3.3
Dodging        | |  0.5

Action                   |  1- 3 |  4- 6 || total
-------------------------+-------+-------++-------
Melee: War axe           |   111 |   108 ||   219
       Headbutt          |     2 |    14 ||    16
  Use: Scroll            |     1 |     6 ||     7
       Potion            |       |     1 ||     1
Armor: Scale mail        |    50 |    47 ||    97
Dodge: Dodged            |    59 |    62 ||   121
Block: Buckler           |    22 |    29 ||    51
